 Dungeon Crawl Stone Soup version 0.21-a0-84-g85d6d27 (webtiles) character file.

67727 Charls2534 the Unseen (level 14, -11/75 HPs)
             Began as a Spriggan Enchanter on July 4, 2017.
             Was the Champion of Dithmenos.
             Killed from afar by a deep elf high priest (27 damage)
             ... with damnation
             ... on level 1 of the Elven Halls.
             The game lasted 03:32:37 (26513 turns).

Charls2534 the Unseen (Spriggan Enchanter)         Turns: 26513, Time: 03:32:37

Health: -11/75     AC:  5    Str:  8    XL:     14   Next: 84%
Magic:  28/28      EV: 27    Int: 17    God:    Dithmenos [******]
Gold:   464        SH:  0    Dex: 17    Spells: 19/31 levels left

rFire    + . .     SeeInvis +   J - +6 dagger (elec)
rCold    + . .     Gourm    .   (shield restricted)
rNeg     . . .     Faith    .   T - +1 troll leather armour
rPois    +         Spirit   .   (helmet restricted)
rElec    .         Reflect  .   A - scarf {rC+ rF+}
rCorr    .         Harm     +   (gloves unavailable)
MR       ++...                  (boots unavailable)
Stlth    ++++++++++             R - amulet of harm
HPRegen  0.62/turn              B - ring of poison resistance
MPRegen  0.21/turn              h - ring of wizardry

@: wreathed by umbra, very quick
A: unfitting armour, see invisible, herbivore 3, speed 3, slow metabolism 2
a: Shadow Step, Shadow Form, Renounce Religion


You were on level 1 of the Elven Halls.
You worshipped Dithmenos.
Dithmenos was exalted by your worship.
You were hungry.

You visited 5 branches of the dungeon, and saw 22 of its levels.

You collected 1929 gold pieces.
You spent 1465 gold pieces at shops.

Inventory:

Hand Weapons
 G - a +0 blowgun
 J - a +6 dagger of electrocution (weapon)
Missiles
 e - 15 curare-tipped needles
 K - 3 throwing nets (quivered)
 N - 29 poisoned needles
Armour
 A - a scarf of resistance (worn)
 T - a +1 troll leather armour (worn)
Jewellery
 h - a ring of wizardry (right hand)
 u - a +3 ring of evasion
 B - a ring of poison resistance (left hand)
 L - a +2 ring of dexterity
 R - an amulet of harm (around neck)
Wands
 b - a wand of polymorph (14/24)
 k - a wand of polymorph (6/24)
 y - a wand of digging (16/24)
 F - a wand of disintegration (16/24)
 M - a wand of iceblast (4/15)
 P - a wand of lightning (9/15)
 U - a wand of iceblast (8/15)
 Z - a wand of confusion (30/48)
Scrolls
 a - 2 scrolls of blinking
 f - 3 scrolls of fog
 i - a scroll of remove curse
 p - a scroll of holy word {unknown}
 v - 10 scrolls of teleportation
 w - 3 scrolls of fear
 E - 2 scrolls of magic mapping
 I - a scroll of amnesia {unknown}
 O - 6 scrolls of recharging
 Y - a scroll of random uselessness {unknown}
Potions
 c - 7 potions of curing
 g - 2 potions of berserk rage
 j - 4 potions of resistance
 l - 2 potions of cancellation
 m - 3 potions of ambrosia
 n - 2 potions of brilliance
 o - 4 potions of flight
 q - a potion of agility
 r - 2 potions of heal wounds
 C - a potion of invisibility
 D - 3 potions of haste
 H - 3 potions of might
 W - a potion of magic {unknown}
Books
 z - a book of Geomancy

   Spells                             Type                      Level
   a - Sandblast                      Earth                        1
   b - Passwall                       Transmutation/Earth          2
   c - Stone Arrow                    Conjuration/Earth            3
   d - Petrify                        Transmutation/Earth          4
   e - Lee's Rapid Deconstruction     Earth                        5
 Q - a book of Clouds

   Spells                             Type                      Level
   a - Poisonous Vapours              Poison/Air                   2
   b - Mephitic Cloud                 Conjuration/Poison/Air       3
   c - Conjure Flame                  Conjuration/Fire             3
   d - Freezing Cloud                 Conjuration/Ice/Air          6
   e - Ring of Flames                 Charms/Fire                  7
 X - Sif Muna's Incunabulum of Supportive Orientation
   (You bought it in a shop on level 2 of the Orcish Mines)

   Spells                             Type                      Level
   a - Summon Butterflies             Summoning                    1
   b - Portal Projectile              Hexes/Translocation          3
   c - Summon Guardian Golem          Hexes/Summoning              3
   d - Call Canine Familiar           Summoning                    3
   e - Passage of Golubria            Translocation                4
   f - Dispersal                      Translocation                6
Miscellaneous
 s - a phial of floods
 t - a crystal ball of energy
 S - a phantom mirror
Comestibles
 d - 12 bread rations
 x - a royal jelly
 V - 19 fruits


   Skills:
 * Level 9.4 Fighting
 - Level 10.0 Short Blades
 + Level 13.1 Dodging
 * Level 19.5 Stealth
 - Level 9.0 Spellcasting
 + Level 14.3 Hexes
 + Level 7.2 Invocations


You had 19 spell levels left.
You knew the following spells:

 Your Spells              Type           Power        Failure   Level  Hunger
a - Corona                Hex            ######.      1%          1    None
b - Ensorcelled Hibernat  Hex/Ice        ####..       1%          2    None
c - Confuse               Hex            ######..     1%          3    None
d - Tukima's Dance        Hex            ######..     1%          3    None
e - Dazzling Spray        Conj/Hex       ####..       1%          3    None


Dungeon Overview and Level Annotations

Branches:
Dungeon (12/15)            Temple (0/1) D:6            Lair (6/6) D:11
  Swamp (0/4) Lair:3        Snake (1/4) Lair:3        Slime (0/5) Lair:5
    Orc (2/2) D:9             Elf (1/3) Orc:2

Altars:
Ashenzari
Cheibriados
Dithmenos
Gozag
Makhleb
Okawaru
Ru
Sif Muna
Trog
Wu Jian
Xom
The Shining One
Jiyva

Shops:
Orc:2 }=(:

Annotations:
D:3 Grinder
D:5 2 transporters
Lair:1 exclusion: oklob plant
Lair:6 exclusion: 2 oklob plants


Innate Abilities, Weirdness & Mutations

You are very small and have problems with some larger weapons.
You are too small for most types of armour.
You have supernaturally acute eyesight. (SInv)
You are a herbivore.
You cover ground extremely quickly.
You need consume almost no food.


Message History

The human changes into a raiju!
The deep elf archer shoots an arrow.
The arrow hits you!!
* * * LOW HITPOINT WARNING * * *
You emit a cloud of dark smoke.
An orc warrior opens the door.
There is an open door, spattered with blood here.
You see here an arrow.
You puncture the air elemental!
You destroy the air elemental!
Dithmenos accepts your kill.
The deep elf archer unwields an uncursed short sword.
The deep elf archer wields an uncursed glowing longbow.
The deep elf archer shoots an arrow.
The arrow misses you.
The deep elf high priest shoots an arrow.
The arrow misses you.
You see here an arrow.
The deep elf high priest shoots an arrow.
The arrow barely misses you.
The deep elf high priest invokes the aid of its god against you.
The sphere of damnation explodes!
The damnation engulfs you!
You die...

#...§§§§#.o#.§#[ .
#.###§o§(Eohe..Ee. ..
#...(.#o#oeo.eee..
...#####.....#o§#.e#)
....§§§....eY'E.e.(.e
########§####eo.......
......§§§....e#88#88#
.......§......#######
##########@#########+######
.. ######.................
####.#......###..##+#####.##
#....#.#####..#..#......#.#
#....#....#...#..#......#.#
#....####.#...#..#......'.#
+.............#..#......#.#
#.............#..#......#.#
# ............#..#......#.#


You could see 2 deep elf high priests, a fire elemental and an orc.

Vanquished Creatures
  Snorg (D:11)
  The ghost of slavetoarmok the Apostle, a journeyman HOMo of Beogh (D:11)
  11 hydras
  A catoblepas (Lair:5)
  Harold (Lair:1)
  A two-headed ogre (D:9)
  Urug (Lair:3)
  4 orc high priests (Orc:2)
  Nergalle (Lair:3)
  Sonja (Lair:1)
  An unseen horror (D:12)
  A necromancer (Lair:3)
  3 deep elf magi (Elf:1)
  2 orc sorcerers (Orc:2)
  An ugly thing (D:11)
  A manticore (D:12)
  16 elephants
  7 black mambas
  A gargoyle (D:11)
  2 torpor snails
  8 komodo dragons
  21 spiny frogs
  2 centaur skeletons (D:11)
  A rime drake (Lair:6)
  4 trolls
  4 tyrant leeches (Lair:6)
  A polar bear (Lair:4)
  16 blink frogs
  7 slime creatures
  7 hippogriffs
  Sigmund (D:2)
  An air elemental (Elf:1)
  57 yaks
  5 wyverns
  6 vampire mosquitoes
  A steam dragon (D:8)
  The ghost of sscrono2 the Cutter, an amateur OpAK of Lugonu (D:4)
  A hungry ghost (D:12)
  2 swamp worms (Lair:1)
  2 hell hounds (D:11)
  13 porcupines
  8 water moccasins
  13 orc warriors
  A sky beast (D:10)
  An eye of draining (D:10)
  An ice beast (D:6)
  4 necrophages
  2 phantoms
  6 ogres
  8 wolves
  2 centaurs
  11 crocodiles
  24 bullfrogs
  An earth elemental (Elf:1)
  A water moccasin zombie (D:8)
  4 scorpions
  72 killer bees
  5 wights (D:6)
  3 electric eels
  4 howler monkeys
  2 jellies (D:7)
  10 crimson imps
  2 bullfrog zombies (D:7)
  A centaur zombie (D:11)
  A quasit (D:10)
  8 hounds
  Crazy Yiuf (D:4)
  20 orc wizards
  25 orc priests
  5 iguanas
  2 bullfrog skeletons (D:7)
  15 worker ants
  3 polar bear simulacra (Lair:3)
  3 yak simulacra (Lair:3)
  4 wolf simulacra (Lair:3)
  10 gnolls
  A howler monkey skeleton (D:5)
  A worker ant zombie (D:11)
  16 adders
  A shadow imp (D:7)
  3 adder skeletons
  8 worms
  2 dart slugs
  9 leopard geckos
  59 orcs
  3 giant cockroaches
  8 goblins
  8 hobgoblins
  8 jackals
  10 kobolds
  7 quokkas
  6 ball pythons
  4 bats
  4 frilled lizards
  A leopard gecko skeleton (D:4)
  A quokka zombie (D:5)
  12 rats
  A river rat simulacrum (Lair:3)
  A butterfly (Lair:1)
  A fungus (Lair:5)
  A plant (Lair:6)
678 creatures vanquished.

Vanquished Creatures (collateral kills)
  A guardian serpent (Lair:3)
  2 orc warriors (Orc:2)
  A killer bee (Lair:3)
4 creatures vanquished.

Vanquished Creatures (others)
  A dancing weapon (Orc:2)
  A bush (Lair:6)
  15 fungi
  79 plants
96 creatures vanquished.

Grand Total: 778 creatures vanquished

Notes
Turn   | Place    | Note
-------+----------+-------------------------------------------
     0 | D:1      | Charls2534 the Spriggan Enchanter began the quest for the Orb.
     0 | D:1      | Reached XP level 1. HP: 9/9 MP: 5/5
   284 | D:1      | Reached XP level 2. HP: 10/13 MP: 4/6
   502 | D:1      | Reached skill level 5 in Stealth
   541 | D:1      | Learned a level 2 spell: Ensorcelled Hibernation
  1255 | D:1      | Reached XP level 3. HP: 16/16 MP: 4/8
  1432 | D:2      | Found a shadowy altar of Dithmenos.
  1436 | D:2      | Became a worshipper of Dithmenos the Shadowed
  1469 | D:2      | Noticed Sigmund
  1494 | D:2      | Learned a level 3 spell: Confuse
  2082 | D:2      | Learned a level 3 spell: Tukima's Dance
  2369 | D:2      | Reached XP level 4. HP: 21/21 MP: 11/11
  2384 | D:2      | Killed Sigmund
  2384 | D:2      | Reached skill level 1 in Fighting
  2384 | D:2      | Reached skill level 6 in Stealth
  2384 | D:2      | Reached XP level 5. HP: 16/25 MP: 7/12
  2544 | D:2      | Reached skill level 5 in Hexes
  2791 | D:2      | Found a snail-covered altar of Cheibriados.
  2924 | D:3      | Learned a level 3 spell: Dazzling Spray
  3007 | D:3      | Reached * piety under Dithmenos
  3065 | D:3      | Noticed Grinder
  3258 | D:3      | Noticed a moth of wrath
  3261 | D:3      | Found a bloodstained altar of Trog.
  3284 | D:3      | Found an iron altar of Okawaru.
  3290 | D:3      | Found a glowing golden altar of the Shining One.
  3329 | D:3      | Reached XP level 6. HP: 30/30 MP: 11/13
  3505 | D:3      | Found a shimmering altar of Xom.
  3515 | D:3      | Paralysed by you for 7 turns
  3544 | D:3      | Found a burning altar of Makhleb.
  3649 | D:4      | Noticed sscrono2's ghost (amateur OpAK)
  3905 | D:4      | Found a runed door.
  3966 | D:4      | Reached skill level 7 in Stealth
  4125 | D:4      | Reached XP level 7. HP: 33/33 MP: 14/14
  4404 | D:4      | Reached ** piety under Dithmenos
  4427 | D:4      | Found a sacrificial altar of Ru.
  4544 | D:4      | Killed sscrono2's ghost
  4544 | D:4      | Reached skill level 8 in Stealth
  4650 | D:4      | Reached skill level 5 in Dodging
  4795 | D:4      | Noticed Crazy Yiuf
  4802 | D:4      | Killed Crazy Yiuf
  4848 | D:5      | Entered Level 5 of the Dungeon
  4872 | D:5      | Found an ornate altar of the Wu Jian Council.
  4874 | D:5      | Noticed a purple ugly thing
  4876 | D:5      | Found a transporter.
  5075 | D:5      | Reached XP level 8. HP: 39/39 MP: 16/16
  5083 | D:5      | Found a transporter.
  5242 | D:5      | Reached skill level 5 in Spellcasting
  5497 | D:5      | Reached skill level 9 in Stealth
  5817 | D:6      | Found a shattered altar of Ashenzari.
  6129 | D:6      | Found a deep blue altar of Sif Muna.
  6258 | D:6      | Found a staircase to the Ecumenical Temple.
  6357 | D:7      | Found an opulent altar of Gozag.
  6407 | D:7      | Reached *** piety under Dithmenos
  6420 | D:7      | Reached skill level 10 in Stealth
  6556 | D:7      | Reached XP level 9. HP: 43/43 MP: 12/19
  6611 | D:7      | Found a deep blue altar of Sif Muna.
  7214 | D:7      | Reached skill level 5 in Short Blades
  7799 | D:7      | Reached skill level 11 in Stealth
  7880 | D:8      | Reached **** piety under Dithmenos
  8357 | D:8      | Reached skill level 12 in Stealth
  8439 | D:8      | Reached XP level 10. HP: 49/49 MP: 16/21
  8794 | D:9      | Found a staircase to the Orcish Mines.
  9065 | D:9      | Found a bloodstained altar of Trog.
  9089 | D:9      | Noticed a two-headed ogre
  9092 | D:9      | Killed a two-headed ogre
  9092 | D:9      | Reached skill level 10 in Hexes
  9412 | D:10     | Entered Level 10 of the Dungeon
  9800 | D:10     | Reached skill level 13 in Stealth
  9894 | D:10     | Reached ***** piety under Dithmenos
 10577 | D:11     | Found a staircase to the Lair.
 10779 | D:11     | Noticed slavetoarmok's ghost (journeyman HOMo)
 10819 | D:11     | Killed slavetoarmok's ghost
 10819 | D:11     | Reached XP level 11. HP: 40/54 MP: 4/24
 11378 | D:11     | Noticed Snorg
 11439 | D:11     | Killed Snorg
 11439 | D:11     | Reached skill level 14 in Stealth
 11811 | D:11     | Reached skill level 5 in Fighting
 12075 | D:11     | Noticed a skeletal warrior
 12079 | D:11     | Noticed a skeletal warrior
 12089 | D:11     | Noticed a skeletal warrior
 12759 | D:12     | Noticed an unseen horror
 12873 | D:12     | Killed an unseen horror
 13540 | D:12     | Reached skill level 1 in Invocations
 13758 | Lair:1   | Entered Level 1 of the Lair of Beasts
 13800 | D:11     | Reached skill level 15 in Stealth
 13923 | D:11     | Noticed a cyan ugly thing
 13938 | D:11     | Killed a cyan ugly thing
 13938 | D:11     | Reached XP level 12. HP: 60/60 MP: 14/26
 13988 | Lair:1   | Reached skill level 10 in Dodging
 14435 | Lair:1   | Noticed Harold
 14467 | Lair:1   | Killed Harold
 14491 | Lair:1   | Noticed a five-headed hydra
 14494 | Lair:1   | Killed a five-headed hydra
 14600 | Lair:1   | Noticed a four-headed hydra
 14637 | Lair:1   | Killed a four-headed hydra
 14695 | Lair:1   | Noticed Sonja
 14704 | Lair:1   | Killed Sonja
 14832 | Lair:1   | Noticed a six-headed hydra
 14848 | Lair:1   | Killed a six-headed hydra
 15357 | Lair:2   | Reached skill level 16 in Stealth
 15979 | Lair:3   | Noticed Nergalle
 15983 | Lair:3   | Killed Nergalle
 16184 | Lair:3   | Found a staircase to the Swamp.
 16573 | Lair:3   | Reached ****** piety under Dithmenos
 17286 | Lair:3   | Reached XP level 13. HP: 49/65 MP: 18/27
 17364 | Lair:3   | Found a staircase to the Snake Pit.
 17404 | Lair:3   | Reached skill level 10 in Short Blades
 17591 | Snake:1  | Entered Level 1 of the Snake Pit
 17625 | Lair:3   | Noticed Urug
 17627 | Lair:3   | Killed Urug
 17895 | Lair:3   | Reached skill level 17 in Stealth
 19798 | Lair:5   | Reached skill level 5 in Invocations
 19939 | Lair:5   | Found a viscous altar of Jiyva.
 19939 | Lair:5   | Found a staircase to the Slime Pits.
 20643 | Lair:6   | Entered Level 6 of the Lair of Beasts
 20719 | Lair:6   | Reached skill level 18 in Stealth
 21410 | Lair:6   | Reached XP level 14. HP: 73/73 MP: 15/28
 23086 | Lair:6   | Reached skill level 19 in Stealth
 24112 | Orc:1    | Entered Level 1 of the Orcish Mines
 24372 | Orc:2    | Entered Level 2 of the Orcish Mines
 25703 | Orc:2    | Found Yxtuthri's Book Shoppe.
 25703 | Orc:2    | Found Qaum's Gadget Emporium.
 25703 | Orc:2    | Found Vozxeru's Weapon Shoppe.
 25706 | Orc:2    | Found Yxkajebut's Jewellery Emporium.
 25721 | Orc:2    | Bought an uncursed amulet of harm for 480 gold pieces
 25726 | Orc:2    | Bought Sif Muna's Incunabulum of Supportive Orientation for 985 gold pieces
 25858 | Orc:2    | Found a staircase to the Elven Halls.
 26393 | Elf:1    | Entered Level 1 of the Elven Halls
 26513 | Elf:1    | Killed from afar by a deep elf high priest

Vault maps used:
D:1:      evilmike_arrival_rings, minmay_misc_feat_room
D:2:      marbit_many_paths, grunt_dithmenos_smoke, first_bread, uniq_sigmund
D:3:      grunt_temple_overflow_champion_of_chaos, tgw_trog, minitemple,
          uniq_grinder
D:4:      hangedman_ru_absence, minmay_snake_closets, uniq_crazy_yiuf_cottage
D:5:      gammafunk_temple_overflow_arena
D:6:      overflow_temple_1_default, lemuel_temple_firewalk_b, ashenzari_altar_1
D:7:      nicolae_gozag_seed_capital, basic_altar
D:9:      david_orc_2, basic_altar, grunt_ogre_cave, kennysheep_generic_room_7
D:10:     kennysheep_spiral_hall
D:11:     minmay_lair_entry_lava, uniq_snorg
D:12:     minmay_misc_feat_cross
Lair:1:   serial_bayou_pond_b, minmay_lair_oklob_items, worms_lemuel,
          grunt_megastairs_2, lemuel_fruit_tree, lemuel_fruit_fields,
          uniq_sonja, uniq_harold
Lair:2:   serial_bayou_shore_a, lemuel_fruit_fields
Lair:3:   wad_woods_minihive, swamp_mist, minmay_snake_entry_spellcaster,
          eino_house_with_fridge, uniq_urug, uniq_nergalle
Lair:4:   serial_bayou_shore_b, grunt_megastairs_4
Lair:5:   dpeg_slime_entry_enclosed_altar, grunt_megastairs_3
Lair:6:   minmay_lair_end_frog_pond, lab_entry_generic,
          minmay_lair_oklob_chamber
Snake:1:  guppyfry_snake_island, uniq_agnes, uniq_aizul
Orc:2:    st_orc_mages
Elf:1:    elf_arrival_001, serial_shops, shop, serial_co_window_serial,
          co_window_corner_a, co_window_paths_b, co_window_paths_a,
          co_window_of_opportunity_a, co_window_corner_a, co_window_broadway_a,
          glass_columns_a, glass_columns_c, glass_columns_a,
          hangedman_elf_disciples, orc_legates, uniq_frances

Skill      XL: |  1  2  3  4  5  6  7  8  9 10 11 12 13 14 |
---------------+-------------------------------------------+-----
Stealth        | 5 6 7 8 10 12 13 15 16 18 19 | 19.5
Spellcasting   | 3 4 6 7 8 9 |  9.0
Hexes          | 4 5 6 8 9 11 12 13 14 | 14.3
Fighting       | 1 2 3 4 5 6 8 9 |  9.4
Short Blades   | 2 3 4 5 6 7 9 10 | 10.0
Dodging        | 4 5 6 7 8 9 11 12 13 | 13.1
Invocations    | 1 4 5 7 |  7.2

Action                   |  1- 3 |  4- 6 |  7- 9 | 10-12 | 13-15 || total
-------------------------+-------+-------+-------+-------+-------++-------
Melee: Dagger            |   118 |   156 |   351 |   560 |   775 ||  1960
 Cast: Corona            |    20 |     3 |       |       |     3 ||    26
       Ensorcelled Hiber |    32 |    24 |    18 |    13 |    13 ||   100
       Confuse           |     2 |    10 |    68 |   232 |   289 ||   601
       Tukima's Dance    |       |       |       |       |     3 ||     3
Invok: Shadow Step       |       |       |     1 |     2 |     9 ||    12
  Use: Scroll            |       |    10 |    10 |     7 |     9 ||    36
       Potion            |       |       |       |     3 |     1 ||     4
 Stab: Sleeping          |    20 |    18 |    46 |    61 |    35 ||   180
       Confused          |     1 |     1 |    31 |    97 |   129 ||   259
       Distracted        |       |       |     1 |     2 |     4 ||     7
  Eat: Royal jelly       |     1 |     1 |     1 |       |     4 ||     7
       Bread ration      |       |     1 |       |     1 |       ||     2
       Fruit             |       |       |       |     3 |     1 ||     4
Armor: Robe              |     9 |     9 |     4 |       |       ||    22
       Troll leather arm |       |       |       |     6 |    21 ||    27
Dodge: Dodged            |    92 |   129 |   217 |   409 |   427 ||  1274
